Map: Moebius Facility XX-1

Players

Musumeci

  • Race: Zerg Zerg
  • League: Diamond
  • Spawn Location: 12:00

MichyMoko

  • Race: Zerg Zerg
  • Spawn Location: 1:00

epic

  • Race: Terran Terran
  • Spawn Location: 5:00

slax

  • Race: Terran Terran
  • Spawn Location: 6:00

VOD

Have the link to the VOD?

Description

Time

  • Played on: March 26, 2017, 3:28 p.m.
  • Length: 13:11
Show
View Real Time Build Order
Export as new Build Order

Musumeci Zerg 

Build Orders: Hatch First 

Get SALT Encoding   

  12  0:02  Drone  
  13  0:08  Drone  
  14  0:25  Overlord  
  14  0:28  Drone, Extractor  
  14  0:29  Extractor  
  14  0:31  Drone  
  16  0:45  Drone  
  17  0:56  Hatchery  
  16  1:14  Drone  
  16  1:17  Spawning Pool  
  16  1:19  Drone  
  16  1:22  Drone  
  18  1:27  Drone  
  19  1:35  Drone  
  20  1:52  Drone  
  21  1:57  Overlord  
  21  2:08  Queen  
  23  2:11  Queen  
  23  2:12  Drone  
  23  2:13  Overlord  
  25  2:18  Drone  
  25  2:19  Drone  
  25  2:21  Extractor  
  26  2:29  Drone  
  27  2:30  Drone  
  27  2:36  Spore Crawler  
  27  2:43  Queen  
  29  2:44  Zergling x2  
  29  2:45  Zergling x2  
  31  2:54  Queen  
  35  2:58  Drone x2  
  36  3:08  Roach Warren  
  35  3:28  Extractor  
  32  3:52  Roach x5  
  42  4:29  Drone  
  43  4:34  Overlord  
  43  4:35  Overlord  
  43  4:37  Overlord  
  47  4:52  Drone x4  
  47  4:53  Drone x3  
  47  4:56  Drone  
  51  5:06  Drone  
  52  5:08  Drone  
  52  5:09  Drone x3  
  56  5:18  Drone  
  56  5:19  Drone  
  58  5:21  Extractor  
  58  5:23  Lair  
  57  5:28  Evolution Chamber  
  56  5:37  Roach x3  
  62  5:46  Roach x3  
  62  5:47  Overlord  
  68  5:50  Overlord  
  68  5:57  Extractor  
  67  6:08  Zerg Missile Weapons Level 1  
  67  6:11  Drone x4  
  69  6:12  Drone  
  69  6:13  Evolution Chamber  
  71  6:22  Drone x3  
  74  6:25  Hatchery  
  73  6:35  Overlord x5  
  73  6:43  Glial Reconstitution, Zerg Ground Armor Level 1  
  73  7:02  Roach x5  
  73  7:03  Ravager  
  73  7:04  Ravager x2  
  73  7:08  Drone  
  87  7:16  Ravager x2  
  87  7:17  Ravager x4  
  87  7:19  Overlord  
  87  7:21  Overlord  
  87  7:22  Overlord  
  93  7:25  Overlord  
  93  7:32  Drone x5  
  98  7:48  Roach x3  
  104  7:56  Overseer  
  104  8:09  Roach x2  
  104  8:10  Roach x6  
  86  8:27  Roach  
  86  8:28  Roach x8  
  104  8:52  Zerg Missile Weapons Level 2, Zerg Ground Armor Level 2  
  104  8:55  Drone x8  
  109  8:58  Extractor  
  109  9:00  Extractor  
  112  9:10  Roach x3  
  116  9:25  Roach x4  
  124  9:37  Roach x6  
  124  9:38  Roach x2  
  130  10:20  Ravager x4  
  130  10:21  Ravager x3  
  135  10:28  Ravager x6  
  135  10:30  Roach  
  109  10:37  Hatchery  
  109  10:38  Extractor  
  109  10:39  Extractor  
  66  10:44  Roach x10  
  66  10:45  Roach  
  84  10:57  Roach x8  
  84  11:23  Roach  
  84  11:24  Roach x10  
  98  11:34  Drone x6  
  104  11:42  Queen  
  106  11:55  Spore Crawler x2  
  106  11:57  Spine Crawler  
  106  12:00  Spine Crawler  
  102  12:07  Drone  
  102  12:08  Drone x3  
  105  12:09  Drone x7  
  105  12:12  Drone  
  114  12:17  Ravager  
  114  12:18  Ravager x7  
  122  12:31  Roach  
  122  12:32  Roach x6  
  128  12:41  Roach x6  
  135  12:48  Ravager x3  
Show
View Real Time Build Order
Export as new Build Order

MichyMoko Zerg 

Build Orders: Hatch First 

Get SALT Encoding   

  12  0:02  Drone  
  13  0:12  Overlord  
  13  0:22  Drone  
  14  0:31  Drone x2  
  16  0:41  Drone  
  17  0:59  Hatchery  
  16  1:07  Drone  
  17  1:11  Spawning Pool  
  17  1:13  Drone  
  17  1:20  Extractor  
  17  1:21  Drone  
  17  1:22  Drone  
  18  1:30  Drone  
  19  1:41  Drone  
  20  2:09  Zergling x4  
  20  2:10  Queen  
  20  2:13  Queen  
  20  2:15  Overlord  
  26  2:16  Drone  
  27  2:25  Metabolic Boost  
  27  2:27  Zergling x2  
  28  2:56  Queen  
  28  2:58  Zergling x2  
  28  2:59  Zergling x4  
  31  3:17  Overlord  
  31  3:18  Drone, Zergling x4  
  34  3:24  Roach Warren  
  33  3:32  Zergling x4  
  34  3:36  Zergling x6  
  35  3:56  Drone x3  
  38  4:06  Drone x2  
  38  4:07  Roach x2  
  40  4:30  Overlord  
  40  4:32  Roach, Drone  
  40  4:36  Overlord x2  
  40  4:37  Overlord  
  43  4:49  Drone x2  
  43  4:50  Drone x4  
  49  4:59  Lair  
  49  5:03  Extractor  
  49  5:04  Evolution Chamber  
  49  5:05  Ravager  
  49  5:06  Ravager  
  49  5:07  Roach x4  
  53  5:08  Drone x2  
  59  5:31  Roach x2  
  59  5:32  Roach  
  65  5:37  Hatchery  
  64  5:47  Extractor  
  64  5:49  Extractor  
  62  5:50  Ravager  
  62  5:53  Overlord  
  63  6:05  Evolution Chamber  
  63  6:08  Glial Reconstitution  
  62  6:16  Drone x5  
  62  6:17  Drone  
  62  6:18  Drone x4  
  72  6:30  Roach x3  
  72  6:31  Roach x2  
  82  6:34  Zerg Missile Weapons Level 1  
  82  6:38  Overseer  
  82  6:52  Zerg Ground Armor Level 1  
  82  6:59  Roach x3  
  82  7:00  Overlord x3  
  88  7:13  Drone x2  
  90  7:18  Extractor  
  90  7:19  Drone, Extractor  
  90  7:20  Drone x7  
  96  7:36  Roach x4  
  106  7:37  Roach  
  104  7:53  Roach x4  
  112  8:00  Overlord  
  112  8:01  Overlord x3  
  103  8:17  Roach  
  87  8:21  Roach x8  
  84  8:37  Overseer  
  84  8:45  Infestation Pit  
  83  8:49  Roach x5  
  83  8:50  Roach, Ravager  
  83  8:52  Ravager  
  83  8:53  Ravager  
  83  8:55  Ravager x2  
  100  8:57  Drone x2  
  102  9:15  Overlord x2  
  102  9:17  Roach x8  
  104  9:22  Queen  
  104  9:23  Hatchery  
  119  9:42  Roach  
  119  9:43  Roach x8  
  137  9:56  Infestor x2  
  141  10:02  Infestor  
  109  10:28  Roach x8  
  95  10:29  Roach  
  95  10:35  Zergling x8  
  79  10:37  Roach x4  
  79  10:38  Roach  
  89  10:47  Roach  
  89  10:48  Roach x2  
  90  10:58  Roach x5  
  90  11:03  Zergling x2  
  50  11:31  Zergling x2  
  50  11:32  Zergling x12  
  56  11:51  Roach x2  
  60  12:00  Roach  
  62  12:15  Hatchery  
  62  12:22  Roach x2  
  65  12:23  Ravager x5  
  65  12:24  Ravager  
  71  12:38  Roach x2  
Show
View Real Time Build Order
Export as new Build Order

epic Terran 

Build Orders: Reaper Expand 

Get SALT Encoding   

  12  0:00  SCV  
  13  0:13  SCV  
  14  0:20  Supply Depot  
  14  0:25  SCV  
  15  0:28  Refinery  
  15  0:42  SCV  
  16  0:45  Barracks  
  16  0:54  SCV  
  17  1:06  SCV  
  18  1:18  SCV  
  19  1:31  Orbital Command  
  19  1:33  Reaper  
  20  1:53  Supply Depot  
  20  1:57  SCV  
  20  1:59  Command Center  
  21  2:06  Reaper  
  22  2:09  SCV  
  23  2:21  Factory, SCV  
  24  2:23  Refinery  
  24  2:33  SCV  
  25  2:45  SCV  
  26  2:57  SCV  
  26  3:09  Factory Tech Lab  
  26  3:10  SCV  
  26  3:12  Barracks Reactor  
  27  3:16  Orbital Command  
  27  3:18  Command Center  
  27  3:20  Barracks  
  27  3:27  Barracks  
  27  3:30  SCV  
  28  3:38  Siege Tank  
  31  3:42  SCV  
  31  3:52  Marine x2  
  31  3:54  Orbital Command  
  33  4:09  Marine  
  33  4:10  Marine, Engineering Bay  
  33  4:11  Engineering Bay  
  33  4:12  SCV  
  33  4:13  Siege Tank  
  33  4:14  Barracks Reactor  
  33  4:15  Barracks Tech Lab  
  39  4:24  SCV  
  39  4:25  SCV  
  39  4:29  Marine x2  
  43  4:34  Orbital Command  
  43  4:36  SCV  
  43  4:37  SCV  
  45  4:45  Terran Infantry Armor Level 1, Terran Infantry Weapons Level 1  
  45  4:48  SCV  
  46  4:53  SCV, Armory  
  47  5:01  SCV  
  47  5:04  Stimpack  
  47  5:05  Marine x3  
  47  5:06  Marine  
  52  5:17  Marine  
  53  5:23  Marine  
  54  5:30  SCV x2  
  54  5:34  Refinery  
  56  5:36  Refinery  
  56  5:42  SCV  
  57  5:43  Marine x3  
  57  5:44  Command Center  
  57  5:46  Supply Depot  
  60  5:50  Supply Depot  
  60  5:52  Supply Depot  
  60  5:54  Marine  
  60  5:55  Barracks  
  61  5:58  Orbital Command  
  61  6:08  SCV, Thor, Marine  
  69  6:11  SCV  
  70  6:20  SCV  
  71  6:29  Marine x3  
  71  6:30  Marauder, Supply Depot  
  76  6:33  Marine  
  76  6:34  SCV  
  78  6:43  Barracks Reactor  
  78  6:47  Factory, Barracks, Marine x3  
  78  6:50  Terran Infantry Weapons Level 2, Marine  
  78  6:51  Thor  
  88  7:00  Terran Infantry Armor Level 2  
  88  7:02  Supply Depot  
  88  7:03  SCV  
  88  7:04  Orbital Command, SCV  
  90  7:10  Terran Vehicle Weapons Level 1  
  90  7:11  SCV  
  91  7:16  Refinery  
  91  7:17  Refinery, SCV x2  
  93  7:24  Marine x4  
  93  7:27  Starport  
  97  7:32  Supply Depot  
  97  7:35  Factory Tech Lab  
  97  7:39  Thor  
  103  7:47  Barracks Reactor  
  103  7:48  Barracks  
  103  7:50  Marauder, Marine x6  
  111  7:53  SCV x2  
  111  7:54  SCV  
  111  7:57  SCV  
  115  8:05  SCV  
  115  8:06  SCV x2, Supply Depot x2  
  115  8:07  Marine  
  115  8:09  SCV  
  113  8:14  Marine x2  
  113  8:17  SCV  
  100  8:25  Marine  
  100  8:26  Marauder, Marine x2  
  99  8:28  Marine x3  
  99  8:31  Marine  
  99  8:32  Marine  
  89  8:43  Marine x2  
  89  8:44  Marine  
  89  8:46  Marine x2  
  89  8:47  Marine x2  
  96  8:51  Starport Reactor  
  96  8:53  Barracks Reactor  
  96  8:57  Command Center  
  96  8:59  Factory  
  96  9:00  Command Center, Supply Depot  
  96  9:02  Marine x4, Supply Depot  
  99  9:06  Marauder  
  102  9:20  Marine x2  
  102  9:21  Marine x5  
  102  9:22  Marine  
  110  9:24  Thor  
  110  9:27  Marauder  
  118  9:48  Marauder, Medivac x2  
  118  9:50  Terran Infantry Weapons Level 3, Terran Infantry Armor Level 3  
  124  9:57  Marine x2  
  126  10:02  Marine x2  
  126  10:03  Marine  
  126  10:04  Marine, Siege Tank  
  126  10:06  Factory Reactor  
  133  10:07  Siege Tank  
  133  10:10  Marauder  
  133  10:14  Marine x2  
  133  10:19  Marine x2  
  131  10:24  Marine x2  
  131  10:28  Marine x3  
  124  10:29  Marine  
  124  10:31  Marauder  
  124  10:32  Marine x2  
  121  10:37  Marine x2  
  121  10:42  Marine x2  
  112  10:46  Marine x4  
  112  10:49  Marine x2  
  117  10:53  Marauder  
  117  10:55  Marine  
  117  10:57  Orbital Command x2  
  121  11:14  Marauder, Marine x6  
  121  11:15  Marine x2  
  125  11:20  Marine x2  
  103  11:31  Marine  
  103  11:32  Marine x5, Medivac x2  
  106  11:33  Marine  
  106  11:34  Thor  
  106  11:35  Marauder  
  106  11:36  Infernal Pre-Igniter  
  117  11:55  Marine x2  
  117  11:56  Marine x6  
  117  11:57  Marauder, Marine x2  
  129  12:06  Orbital Command  
  129  12:10  Orbital Command  
  129  12:13  Thor, Marine x3  
  129  12:14  Marine x2  
  140  12:17  Thor, Hellbat  
  148  12:31  Orbital Command, Marine x2  
  148  12:32  Marauder, Refinery, Marine  
  148  12:34  Refinery  
Show
View Real Time Build Order
Export as new Build Order

slax Terran 

Build Orders: MMM Bio 

Get SALT Encoding   

  12  0:01  SCV  
  13  0:13  SCV  
  14  0:18  Supply Depot  
  14  0:27  SCV  
  15  0:33  Refinery  
  15  0:39  SCV  
  16  0:46  Barracks  
  16  0:51  SCV  
  17  1:07  SCV, Barracks  
  18  1:19  Refinery  
  18  1:34  Reaper  
  18  1:35  Orbital Command  
  19  1:58  Supply Depot  
  19  1:59  Reaper  
  19  2:01  SCV  
  21  2:10  Reaper  
  21  2:13  Barracks  
  23  2:15  SCV  
  23  2:27  SCV  
  24  2:39  SCV  
  24  2:40  Reaper  
  24  2:43  Reaper  
  27  3:16  Command Center  
  27  3:25  SCV  
  28  3:30  Factory  
  28  3:52  Marine x2  
  28  3:54  Barracks Tech Lab  
  30  4:01  Supply Depot x2  
  30  4:03  Engineering Bay  
  30  4:06  SCV  
  30  4:26  SCV  
  30  4:27  Marine x3  
  30  4:28  Stimpack  
  30  4:29  Widow Mine  
  30  4:31  Refinery  
  36  4:34  Armory  
  36  4:36  Starport  
  36  4:40  SCV  
  36  4:41  Orbital Command  
  37  4:49  Marine x2  
  37  4:50  Marine  
  40  4:58  SCV  
  41  5:00  Factory Tech Lab  
  41  5:08  SCV, Terran Infantry Weapons Level 1  
  41  5:11  SCV  
  43  5:20  SCV  
  44  5:26  Refinery  
  44  5:30  Thor  
  44  5:32  SCV  
  44  5:34  Viking  
  53  5:39  Terran Vehicle And Ship Armor Level 1  
  53  5:40  SCV  
  54  5:50  Missile Turret  
  54  5:51  SCV  
  54  5:52  SCV  
  56  6:03  SCV  
  57  6:04  SCV  
  57  6:06  Starport Reactor  
  58  6:12  Marine  
  58  6:13  Barracks Reactor  
  59  6:20  SCV x2  
  59  6:23  Factory  
  61  6:29  Command Center  
  61  6:31  Drilling Claws  
  61  6:37  Supply Depot  
  61  6:45  SCV  
  62  6:58  Widow Mine, SCV, Medivac x2  
  69  7:06  Marine  
  69  7:07  Combat Shields  
  70  7:11  Barracks Reactor  
  70  7:17  Supply Depot  
  70  7:18  Supply Depot  
  70  7:19  Supply Depot  
  70  7:20  Supply Depot  
  70  7:22  Factory Tech Lab  
  70  7:24  Terran Infantry Weapons Level 2  
  70  7:34  Factory  
  70  7:38  Thor, Marine x2  
  70  7:40  SCV  
  78  7:57  Marine, Siege Tank  
  78  7:58  Marine x4  
  83  8:15  Marine x2  
  83  8:16  Marine x2  
  83  8:17  Marine  
  81  8:23  Thor  
  76  8:29  Thor  
  76  8:33  Marine  
  79  8:41  Marine x4  
  83  8:50  Barracks  
  83  8:52  Barracks  
  83  8:55  Barracks  
  83  8:57  Factory Tech Lab  
  83  9:00  Marine x5  
  88  9:09  Medivac  
  90  9:10  Medivac  
  90  9:16  Orbital Command  
  92  9:18  Marine  
  92  9:21  Terran Vehicle Weapons Level 1  
  93  9:27  Marine x2  
  93  9:28  Marine  
  93  9:29  SCV x2  
  98  9:38  Siege Tank x2  
  104  9:44  Medivac x2  
  108  9:56  Siege Tank  
  107  10:24  Marine x5  
  107  10:25  Barracks Reactor  
  102  10:29  Marine  
  102  10:32  Thor x3  
  102  10:34  SCV x3  
  112  10:41  Marine  
  107  10:51  Barracks Reactor  
  107  10:52  Marine x2  
  107  10:53  Marine x2  
  111  10:58  Refinery  
  111  11:00  Refinery, Marine  
  112  11:07  Marine x2  
  112  11:10  Marine  
  115  11:15  Siege Tank  
  102  11:25  Marine x2  
  102  11:26  Marine x2  
  106  11:34  Marine x5  
  109  11:56  Marine x6  
  115  12:14  SCV x2  
  117  12:20  Supply Depot  
  117  12:21  Supply Depot  
  117  12:35  SCV x2, Siege Tank  
  116  12:40  SCV, Command Center  
  123  12:47  SCV  
Tags
 
Add a new tag
Caveats
  • Supply blocks, unpowered buildings, or Contaminate may cause inaccurate times.
  • Supply counts are checked every 10 seconds.